 Dungeon Sprint DCSS version 0.20-a0-1043-gbd57889 (webtiles) character file.

7912 lordofpotatos the Warrior (level 11, -5/102 HPs)
             Began as a Demonspawn Fighter on Apr 24, 2017.
             Slain by an orc warrior
             ... wielding a +0 halberd
              (8 damage)
             ... in the Dungeon (Sprint IX: "|||||||||||||||||||||||||||||").
             The game lasted 00:13:08 (1564 turns).

lordofpotatos the Warrior (Demonspawn Fighter)      Turns: 1564, Time: 00:13:09

Health: -5/102     AC: 17    Str: 26    XL:     11   Next: 3%
Magic:  11/11      EV:  8    Int: 13    God:
Gold:   1107       SH:  0    Dex: 13    Spells: 10/10 levels left

rFire    + . .     SeeInvis +   n - +3 scimitar (flame)
rCold    . . .     Gourm    .   (no shield)
rNeg     . . .     Faith    .   o - +0 plate armour
rPois    +         Spirit   .   (helmet restricted)
rElec    .         Reflect  .   m - +0 cloak
rCorr    .         Harm     .   (no gloves)
MR       +....     NoTele   +   s - +0 pair of boots
Stlth    ..........             (no amulet)
Regen    0.3/turn               p - +3 ring of strength
MPRegen  0.2/turn               b - +3 ring of intelligence

@: corroded
A: claws 1, fangs 1, horns 1, talons 2, thin metallic scales 1, see invisible,
agile 1, fire resistance 1, magic resistance 1, poison resistance, strong 1,
acidic bite, tendrils, flame cloud immunity
a: no special abilities


You were in the Dungeon.
You were very full.

You visited 1 branch You collected 1107 gold pieces.

Inventory:

Hand Weapons
 n - a +3 scimitar of flaming (weapon)
Armour
 a - a +0 helmet
 m - a +0 cloak (worn)
 o - a +0 plate armour (worn)
 s - a +0 pair of boots (worn)
Jewellery
 b - a +3 ring of intelligence (right claw)
 p - a +3 ring of strength (left claw)
Scrolls
 d - 3 scrolls of remove curse
 j - 3 scrolls of identify
 k - 2 scrolls of blinking
 l - 2 scrolls of amnesia
Potions
 e - 5 potions of curing
 i - 4 potions of magic
Comestibles
 f - 13 bread rations
 q - 37 fruits
 r - 13 meat rations


   Skills:
 + Level 15.3 Fighting
 + Level 14.0 Long Blades
 + Level 14.1 Armour
   Level 2.6 Shields


You had 10 spell levels left.
You didn't know any spells.

Dungeon Overview and Level Annotations

Branches:
Dungeon (1/1)

Altars:
Cheibriados
Dithmenos
Elyvilon
Fedhas
Gozag
Hepliaklqana
Kikubaaqudgha
Makhleb
Nemelex Xobeh
Okawaru
Qazlal
Ru
Sif Muna
Trog
Uskayaw
Vehumet
Wu Jian
Xom
Yredelemnul
Zin
The Shining One
Beogh
Jiyva
Lugonu


Innate Abilities, Weirdness & Mutations

You have razor-sharp toenails.
You are partially covered in thin metallic scales. (AC +2)
Your flesh is heat resistant. (rF+)
You are immune to clouds of flame.
You have sharp fingernails.
You have very sharp teeth.
You have a pair of small horns on your head.
You have supernaturally acute eyesight. (SInv)
You are agile. (Dex +2)
You are resistant to hostile enchantments. (MR+)
Your system is resistant to poisons. (rPois)
Your muscles are strong. (Str +2)
You have acidic saliva.
You are covered in slimy tendrils that may disarm your opponents.


Message History

The orc warrior hits you from afar with a halberd!
* * * LOW HITPOINT WARNING * * *
There is an open door to Lair:6, spattered with blood here.
The jelly quivers.
You slice the jelly!! You burn the jelly. The acid corrodes you!
Your claws burn!
* * * LOW HITPOINT WARNING * * *
You headbutt the jelly! You bite the jelly.
The jelly is splashed with acid.
The acid corrodes the jelly!
The jelly is severely wounded.
The jelly completely misses you.
You completely miss the jelly.
The jelly is severely wounded.
The orc warrior hits you but does no damage.
The jelly hits you but does no damage.
You slash the jelly! You burn the jelly.
Your claws burn!
* * * LOW HITPOINT WARNING * * *
The jelly is almost dead.
The orc warrior hits you from afar with a halberd!
You die...

▓▓▓▓▓▓▓▓▓▓▓▓▓▓▓▓▓▓▓▓▓▓▓▓▓▓▓▓▓▓▓▓▓
______________________'..|/.....'
▓▓▓▓▓▓▓▓▓▓▓▓▓▓▓▓▓▓▓▓▓▓▓▓▓▓▓▓▓▓▓▓▓
.................................
▓▓▓▓▓▓▓▓▓▓▓▓▓▓▓▓▓▓▓▓▓▓▓▓▓▓▓▓▓▓▓▓▓
..†.........'..J@.o...'..........
▓▓▓▓▓▓▓▓▓▓▓▓▓▓▓▓▓▓▓▓▓▓▓▓▓▓▓▓▓▓▓▓▓
...........................[)....
▓▓▓▓▓▓▓▓▓▓▓▓▓▓▓▓▓▓▓▓▓▓▓▓▓▓▓▓▓▓▓▓▓
)...[)[)))..$......$.+
▓▓▓▓▓▓▓▓▓▓▓▓▓▓▓▓▓▓▓▓▓▓


You could see an orc warrior and a jelly.

Vanquished Creatures
  An ettin (D)
  A hydra (D)
  2 orc knights (D)
  An orc sorcerer (D)
  A black mamba (D)
  2 spiny frogs (D)
  A troll (D)
  5 polar bears (D)
  A hornet (D)
  A wyvern (D)
  4 porcupines (D)
  8 orc warriors (D)
  A water moccasin (D)
  4 black bears (D)
  An ice beast (D)
  A wolf (D)
  3 crocodiles (D)
  A centaur (D)
  3 bullfrogs (D)
  A jelly (D)
  A scorpion (D)
  A wight (D)
  A howler monkey (D)
  A crimson imp (D)
  3 orc priests (D)
  3 orc wizards (D)
  An iguana (D)
  2 worker ants (D)
  6 orcs (D)
  A bat (D)
  A bat zombie (D)
  2 jackals (D)
  A goblin (D)
  A kobold (D)
  2 rats (D)
70 creatures vanquished.

Vanquished Creatures (others)
  An ice beast (D)
  A jelly (D)
  An orc (D)
3 creatures vanquished.

Grand Total: 73 creatures vanquished

Notes
Turn   | Place    | Note
-------+----------+-------------------------------------------
     0 | D        | lordofpotatos the Demonspawn Fighter began the quest for the Orb.
     0 | D        | Reached XP level 1. HP: 18/18 MP: 1/1
    26 | D        | Noticed a worker ant
    26 | D        | Noticed an iguana
    26 | D        | Noticed a centaur
    32 | D        | Killed a worker ant
    32 | D        | Reached skill level 4 in Fighting
    32 | D        | Gained mutation: Your flesh is heat resistant. (rF+) [demonic ancestry]
    32 | D        | Reached XP level 2. HP: 24/26 MP: 2/2
    32 | D        | Gained mutation: You are immune to clouds of flame. [demonic ancestry]
    32 | D        | Reached XP level 3. HP: 29/31 MP: 3/3
    38 | D        | Reached skill level 5 in Fighting
    40 | D        | Killed a centaur
    40 | D        | Reached skill level 6 in Fighting
    40 | D        | Reached skill level 5 in Long Blades
    40 | D        | Reached skill level 5 in Armour
    40 | D        | Gained mutation: You are partially covered in thin metallic scales. (AC +2) [demonic ancestry]
    40 | D        | Reached XP level 4. HP: 9/41 MP: 4/4
    47 | D        | Found a roughly hewn altar of Beogh.
    47 | D        | Found a snail-covered altar of Cheibriados.
    47 | D        | Found a shadowy altar of Dithmenos.
    47 | D        | Found a white marble altar of Elyvilon.
    47 | D        | Found a blossoming altar of Fedhas.
    47 | D        | Found an opulent altar of Gozag.
    48 | D        | Found a hazy altar of Hepliaklqana.
    49 | D        | Found a viscous altar of Jiyva.
    50 | D        | Found an ancient bone altar of Kikubaaqudgha.
    51 | D        | Found a corrupted altar of Lugonu.
    52 | D        | Found a burning altar of Makhleb.
    53 | D        | Found a sparkling altar of Nemelex Xobeh.
    54 | D        | Found an iron altar of Okawaru.
    55 | D        | Found a stormy altar of Qazlal.
    56 | D        | Found a sacrificial altar of Ru.
    57 | D        | Became a worshipper of Jiyva Joreont the Shapeless
    58 | D        | Found a deep blue altar of Sif Muna.
    97 | D        | Reached * piety under Jiyva
   102 | D        | Reached ** piety under Jiyva
   170 | D        | Found a bloodstained altar of Trog.
   171 | D        | Found a hide-covered altar of Uskayaw.
   172 | D        | Found a radiant altar of Vehumet.
   173 | D        | Found an ornate altar of the Wu Jian Council.
   174 | D        | Found a shimmering altar of Xom.
   175 | D        | Found a basalt altar of Yredelemnul.
   176 | D        | Found a glowing silver altar of Zin.
   177 | D        | Found a glowing golden altar of the Shining One.
   233 | D        | Noticed an ice beast
   233 | D        | Noticed a troll
   233 | D        | Noticed a hornet
   241 | D        | Killed an ice beast
   241 | D        | Reached skill level 7 in Fighting
   241 | D        | Reached XP level 5. HP: 34/48 MP: 5/5
   244 | D        | Killed a troll
   244 | D        | Reached skill level 9 in Fighting
   244 | D        | Gained mutation: You have sharp toenails. [demonic ancestry]
   244 | D        | Reached XP level 6. HP: 42/58 MP: 6/6
   260 | D        | Killed a hornet
   260 | D        | Reached XP level 7. HP: 46/65 MP: 7/7
   267 | D        | Reached skill level 10 in Fighting
   353 | D        | Reached *** piety under Jiyva
   355 | D        | Gained mutation: You are resistant to hostile enchantments. (MR+) [Jiyva's grace]
   355 | D        | Reached **** piety under Jiyva
   355 | D        | Gained mutation: You evolve. [Jiyva's grace]
   356 | D        | Reached ***** piety under Jiyva
   356 | D        | Gained mutation: You expend magic power (3 MP) to strengthen your wands. [Jiyva's grace]
   358 | D        | Lost mutation: You expend magic power (3 MP) to strengthen your wands. [Jiyva's grace]
   358 | D        | Gained mutation: Your system is resistant to poisons. (rPois) [Jiyva's grace]
   358 | D        | Reached ****** piety under Jiyva
   376 | D        | Noticed a slime creature
   393 | D        | Gained mutation: Your muscles are strong. (Str +2) [Jiyva's grace]
   442 | D        | Lost mutation: Your muscles are strong. (Str +2) [Jiyva's grace]
   509 | D        | Lost mutation: You evolve. [Jiyva's grace]
   511 | D        | Gained mutation: You have razor-sharp toenails. [Jiyva's grace]
   512 | D        | Gained mutation: You have very sharp teeth. [Jiyva's grace]
   513 | D        | Gained mutation: You are agile. (Dex +2) [Jiyva's grace]
   514 | D        | Gained mutation: You have supernaturally acute eyesight. (SInv) [Jiyva's grace]
   515 | D        | Gained mutation: You have a small jelly attached to you that senses nearby items. [Jiyva's grace]
   521 | D        | Gained mutation: You have sharp fingernails. [Jiyva's grace]
   525 | D        | Gained mutation: You have a pair of small horns on your head. [Jiyva's grace]
   525 | D        | Lost mutation: You have a small jelly attached to you that senses nearby items. [Jiyva's grace]
   528 | D        | Gained mutation: You are covered in slimy tendrils that may disarm your opponents. [Jiyva's grace]
   529 | D        | Gained mutation: You have acidic saliva. [Jiyva's grace]
   530 | D        | Gained mutation: Your muscles are strong. (Str +2) [Jiyva's grace]
   531 | D        | Fell from the grace of Jiyva
   548 | D        | Noticed a spiny frog
   548 | D        | Noticed a spiny frog
   555 | D        | Killed a spiny frog
   555 | D        | Reached skill level 10 in Armour
   555 | D        | Reached XP level 8. HP: 50/74 MP: 8/8
   561 | D        | Reached skill level 11 in Fighting
   562 | D        | Reached skill level 10 in Long Blades
   565 | D        | Killed a spiny frog
   576 | D        | Reached skill level 12 in Fighting
   576 | D        | Reached XP level 9. HP: 36/82 MP: 9/9
   658 | D        | Noticed a black mamba
   674 | D        | Killed a black mamba
   679 | D        | Noticed a polar bear
   680 | D        | Noticed a seven-headed hydra
   687 | D        | Killed a four-headed hydra
   687 | D        | Reached skill level 13 in Fighting
   691 | D        | Killed a polar bear
   765 | D        | Noticed a polar bear
   765 | D        | Noticed a polar bear
   765 | D        | Noticed a polar bear
   766 | D        | Noticed a polar bear
   769 | D        | Killed a polar bear
   769 | D        | Reached XP level 10. HP: 86/92 MP: 10/10
   790 | D        | Reached skill level 14 in Fighting
  1001 | D        | Noticed an ettin
  1001 | D        | Noticed an orc sorcerer
  1026 | D        | Killed an ettin
  1032 | D        | Killed an orc sorcerer
  1304 | D        | Noticed an orc knight
  1304 | D        | Noticed an orc knight
  1311 | D        | Killed an orc knight
  1330 | D        | Killed an orc knight
  1330 | D        | Reached skill level 15 in Fighting
  1373 | D        | Mutation became permanent: You have sharp toenails. [demonic ancestry]
  1373 | D        | Gained mutation: You have razor-sharp toenails. [demonic ancestry]
  1373 | D        | Reached XP level 11. HP: 23/102 MP: 11/11
  1453 | D        | HP: 5/102 [orc warrior/halberd (16)]
  1564 | D        | HP: 3/102 [acid[Jiyva] (5)]
  1564 | D        | Slain by an orc warrior

Vault maps used:
D:        linesprint

Skill      XL: |  1  2  3  4  5  6  7  8  9 10 11 |
---------------+----------------------------------+-----
Long Blades    | 3 5 6 7 8 9 10 12 13 14 | 14.0
Armour         | 4 5 6 8 9 10 11 12 14 | 14.1
Fighting       | 4 6 7 9 10 12 13 15 | 15.3
Shields        | |  2.6

Action                   |  1- 3 |  4- 6 |  7- 9 | 10-12 || total
-------------------------+-------+-------+-------+-------++-------
Melee: Long sword        |    23 |       |       |       ||    23
       Scimitar          |       |    24 |    82 |   114 ||   220
       Kick              |       |     5 |    31 |    16 ||    52
       Headbutt          |       |       |    17 |    26 ||    43
       Bite              |       |       |    12 |    18 ||    30
Invok: Request Jelly     |       |       |     1 |       ||     1
       Renounce Religion |       |       |     1 |       ||     1
  Use: Potion            |     1 |     2 |     4 |     4 ||    11
       Scroll            |       |       |       |     1 ||     1
 Stab: Invisible         |       |       |       |     2 ||     2
  Eat: Bread ration      |       |       |     1 |       ||     1
       Fruit             |       |       |       |     3 ||     3
Armor: Scale mail        |     8 |       |       |       ||     8
       Plate armour      |       |    26 |    59 |    39 ||   124
Dodge: Dodged            |    13 |     5 |    24 |    29 ||    71
       Rpst.: Long sword |     3 |       |       |       ||     3
       Scimitar          |       |     2 |     7 |     2 ||    11
